 Dungeon Crawl Stone Soup version 0.28.0 (webtiles) character file.

Game seed: 10619225378924877679

315 issech the Cudgeller (level 6, -1/61 HPs)
             Began as a Troll Monk on Feb 17, 2022.
             Slain by a scorpion (7 damage)
             ... on level 4 of the Dungeon.
             The game lasted 00:09:46 (2905 turns).

issech the Cudgeller (Troll Monk)                   Turns: 2905, Time: 00:09:46

Health: -1/61      AC:  5    Str: 20    XL:     6   Next: 19%
Magic:  5/5        EV: 11    Int:  6    God:
Gold:   116        SH:  0    Dex: 14    Spells: 5/5 levels left

rFire   . . .      SeeInvis .   a - +0 mace
rCold   . . .      Faith    .   e - orb {*channel}
rNeg    . . .      Spirit   .   b - +0 robe
rPois   .          Reflect  .   (helmet restricted)
rElec   .          Harm     .   j - +0 cloak
rCorr   .          Rampage  .   (gloves unavailable)
Will    .....                   (boots unavailable)
Stlth   ++........              (no amulet)
HPRegen 1.00/turn               (no ring)
MPRegen 0.09/turn               (no ring)

@: no status effects
A: large, unfitting armour, claws 3, regeneration 1, shaggy fur 1, tough skin 1
a: no special abilities


You were on level 4 of the Dungeon.
You visited 1 branch of the dungeon, and saw 4 of its levels.

You collected 116 gold pieces.

Inventory:

Hand Weapons
 a - a +0 mace (weapon)
Missiles
 d - 23 stones (quivered)
 g - 51 bolts
 i - 57 arrows
 m - 14 sling bullets
Armour
 b - a +0 robe (worn)
 e - an orb of energy (worn)
 j - a +0 cloak (worn)
Wands
 f - a wand of mindburst (13)
Scrolls
 c - 2 scrolls of identify {unknown}
 l - a scroll of magic mapping {unknown}
 o - 2 scrolls of summoning {unknown}
 p - a scroll of fear {unknown}
Potions
 h - a potion of attraction {unknown}
 k - a potion of mutation {unknown}
 n - a potion of haste {unknown}


   Skills:
 + Level 3.3 Fighting
 + Level 4.8 Maces & Flails
 + Level 3.3 Dodging
 + Level 1.5 Stealth


You had 5 spell levels left.
You didn't know any spells.
Your spell library contained the following spells:

 Spells                   Type           Power      Damage    Failure   Level
 Slow                     Hex            0%         N/A       45%         1
 Confusing Touch          Hex            0%         N/A       83%         3
 Vampiric Draining        Necr           0%         2d6       83%         3


Dungeon Overview and Level Annotations

Branches:
Dungeon (4/15)
 Temple: D:4-7

Altars:
Gozag

Shops:
D:1 (:*(


Innate Abilities, Weirdness & Mutations

You are too large for most types of armour.
You have claws for hands.
Your natural rate of healing is unusually fast.
You are covered in fur. (AC +1)
You have tough skin. (AC +1)


Message History

You feel sick.
You are no longer poisoned.
The scorpion stings you. The scorpion stings you.
There is an open door here.
You hit the scorpion but do no damage.
The scorpion is heavily wounded.
The scorpion stings you.
You are poisoned.
The scorpion poisons you!
The scorpion stings you but does no damage.
You hit the scorpion.
The scorpion is heavily wounded.
You feel very sick. The scorpion stings you.
You are more poisoned.
The scorpion poisons you!
You hit the scorpion.
The scorpion is severely wounded.
You feel very sick. The scorpion stings you.
You are more poisoned.
The scorpion poisons you! The scorpion closely misses you.
You feel very sick.
You feel very sick.
You feel very sick.
You feel very sick.
The scorpion stings you but does no damage.
You feel sick.
You feel sick.
You feel sick.
You feel sick.
You feel sick. The scorpion stings you.
* * * LOW HITPOINT WARNING * * *
You feel sick.
You feel sick.
You feel sick.
You are no longer poisoned.
The scorpion stings you!
You die...

#............'..#
####............#..#
#..'............'..#
#.##............'#.#####
#.##..................=#
#.##########.....).....#
...........#...........#
...........#...........#
...........#...s@......#
<..........#...........#
...........#...........#
...........#......<....#
.................#+#####
###########.###### #####
#.# ....#######.#
............#


You could see a scorpion.

Vanquished Creatures
  An orc warrior (D:3)
  A phantom (D:4)
  An orc wizard (D:4)
  8 adders
  2 orcs (D:4)
  5 ball pythons
  5 endoplasms
  3 goblins (D:3)
  A hobgoblin (D:1)
  3 jackals (D:1)
  7 kobolds
  4 quokkas
  4 bats
  5 frilled lizards
  10 rats
60 creatures vanquished.

Notes
Turn   | Place    | Note
-------+----------+-------------------------------------------
     0 | D:1      | issech the Troll Monk began the quest for the Orb.
     0 | D:1      | Reached XP level 1. HP: 22/22 MP: 0/0
   131 | D:1      | Reached skill level 3 in Maces & Flails
   139 | D:1      | Reached XP level 2. HP: 29/29 MP: 1/1
   336 | D:1      | Found Ythuffui's Assorted Antiques.
   352 | D:1      | Found Avam's Book Shop.
   492 | D:1      | Found Jirruofi's Antique Weapon Shop.
   623 | D:1      | Found Isaasacy's Weapon Boutique.
   639 | D:1      | Reached XP level 3. HP: 36/36 MP: 2/2
  1001 | D:2      | Found a faded altar of an unknown god.
  1853 | D:3      | Reached XP level 4. HP: 29/44 MP: 3/3
  2290 | D:3      | Reached skill level 4 in Maces & Flails
  2557 | D:4      | Found an opulent altar of Gozag.
  2585 | D:4      | Noticed a phantom
  2600 | D:4      | Killed a phantom
  2601 | D:4      | Reached XP level 5. HP: 37/53 MP: 4/4
  2609 | D:4      | Noticed an orc warrior
  2691 | D:3      | Killed an orc warrior
  2692 | D:3      | Reached XP level 6. HP: 22/61 MP: 5/5
  2899 | D:4      | HP: 3/61 [scorpion (6)]
  2905 | D:4      | Slain by a scorpion

Illustrated notes

Levels and vault maps discovered:
D:1:      amcnicky_arrival_wind_blow, layout_basic, serial_shops,
          nicolae_shop_bloodbath_and_beyond, shop, nicolae_shop_trees, shop,
          feat_on_display
D:2:      layout_basic, shapermc_ecumenical_altar_venn
D:3:      layout_loops_ring
D:4:      layout_basic, grunt_gozag_statues, uniq_ijyb

Skill      XL: |  1  2  3  4 |
---------------+-------------+-----
Maces & Flails | 3 4 |  4.8
Dodging        | 3 |  3.3
Fighting       | 3 |  3.3
Stealth        | |  1.5

Action                   |  1- 3 |  4- 6 || total
-------------------------+-------+-------++-------
Melee: Mace              |   148 |   106 ||   254
       Punch             |     1 |       ||     1
 Stab: Sleeping          |     1 |     1 ||     2
Armor: Robe              |   109 |    30 ||   139
Dodge: Dodged            |   137 |    40 ||   177
